AoeStats
← Master

Baltic

510323858Analyzed
4v4 RM · 2d ago on Sep 30, 2026· 33m 10s· 8 players
Game mode
Random Map
Map size
Large (8 player)
Population
200
Speed
Normal
Resources
Standard
Victory
Conquest
Starting age
Dark Age
Ending age
Imperial Age
RankedLock teamsTeams togetherTeam positionsShared explorationLock speedFull tech treeHidden civsTurbo modeCheats
Victory
Defeat
🇨🇳 Danes · China
975
+11
🇮🇳 Saxons · India
924
+13
🇺🇸 Romans · United States
921
+13
🇭🇺 Italians · Hungary
891
+14
🇨🇳 Italians · China
902
-15
862
-13
🇨🇳 Magyars · China
815
-11
SoltiL
11:32 Feudal Age
17:02 Castle Age
14:58 Double-Bit Axe
15:04 Horse Collar
20:06 Wheelbarrow
21:34 Fletching
22:44 Stone Mining
22:47 Gold Mining
25:35 Bow Saw
28:02 Silk Road
28:26 Squires
31:43 Imperial Age
30:26 Bodkin Arrow
30:32 Padded Archer Armor
30:32 Scale Mail Armor
30:43 Forging
Akranon
0:34 Loom
11:53 Feudal Age
13:19 Wheelbarrow
12:31 Double-Bit Axe
12:28 Horse Collar
12:41 Gold Mining
12:38 Fishing Lines
19:03 Stone Mining
21:58 Castle Age
21:27 Scale Mail Armor
22:45 Gillnets
23:08 Bow Saw
23:00 Heavy Plow
23:38 Gold Shaft Mining
23:28 Hand Cart
26:17 Fervor
30:38 Ballistics
34:29 Imperial Age
32:40 Masonry
33:19 Town Watch
potatoes
14:42 Feudal Age
16:49 Fishing Lines
18:14 Horse Collar
18:21 Double-Bit Axe
21:23 Castle Age
23:45 Medium Warships
25:13 Heavy Plow
25:26 Bow Saw
32:40 Imperial Age
32:19 Ballistics
32:03 Town Watch
32:54 Wheelbarrow
32:05 Loom
Master
11:01 Feudal Age
16:53 Castle Age
17:00 Scale Mail Armor
16:58 Double-Bit Axe
19:05 Horse Collar
20:09 Forging
25:56 Imperial Age
24:37 Iron Casting
24:19 Chain Mail Armor
26:09 Stone Mining
26:10 Gold Mining
28:42 Plate Mail Armor
29:17 Fletching
33:56 Wheelbarrow
東雲mobai
5:06 Loom
11:30 Feudal Age
12:34 Double-Bit Axe
13:39 Horse Collar
18:58 Castle Age
17:29 Gold Mining
18:35 Fletching
19:20 Stone Mining
20:19 Heavy Plow
21:31 Bodkin Arrow
22:36 Treadmill Crane
23:49 Stone Shaft Mining
23:50 Ballistics
24:00 Padded Archer Armor
24:47 Bow Saw
25:51 Fishing Lines
26:54 Leather Archer Armor
27:14 Silk Road
28:08 Thumb Ring
29:54 Wheelbarrow
29:05 Town Watch
33:43 Imperial Age
邦多利第一耐摔王-莫提斯
11:21 Feudal Age
14:07 Loom
21:02 Castle Age
22:34 Double-Bit Axe
落榜音游人
5:48 Loom
12:58 Feudal Age
17:44 Castle Age
17:11 Horse Collar
20:58 Double-Bit Axe
23:31 Bow Saw
23:44 Scale Barding Armor
24:04 Stone Mining
26:37 Heavy Plow
27:18 Chain Barding Armor
27:23 Corvinian Army
泰拉第一老女人-凯尔希
12:11 Feudal Age
14:06 Loom
17:29 Castle Age
15:48 Double-Bit Axe
16:20 Horse Collar
26:10 Bow Saw
26:56 Wheelbarrow
28:31 Heavy Plow
28:34 Gold Mining
32:30 Imperial Age
31:18 Hand Cart
30:50 Town Watch
31:04 Stone Mining
32:25 Forging
32:16 Scale Mail Armor
33:41 Iron Casting
Connection lost

Rejoining the realm…

Still unreachable

The connection could not be restored.

Session expired

The server has moved on; the page needs a fresh start.